 Dungeon Crawl Stone Soup version 0.31-a0-180-g519b7de00c (webtiles) character file.

Game seed: 11751894259692574487

375 qw the Shooter (level 6, 0/57 HPs)
             Began as a Naga Hunter on June 19, 2023.
             Succumbed to a scorpion's poison
             ... on level 3 of the Dungeon.
             The game lasted 00:00:50 (2393 turns).

qw the Shooter (Naga Hunter)                        Turns: 2393, Time: 00:00:51

Health: 0/57       AC:  4    Str: 13    XL:     6   Next: 73%
Magic:  6/6        EV:  9    Int:  9    God:
Gold:   142        SH:  0    Dex: 17    Spells: 5/5 levels left

rFire   . . .        Y - +0 shortbow (drain)
rCold   . . .        (shield currently unavailable)
rNeg    . . .        c - +0 leather armour
rPois   +            h - +0 helmet
rElec   .            (no cloak)
rCorr   .            (no gloves)
SInv    +            (no barding)
Will    .....        (no amulet)
Stlth   ++           (no ring)
HPRegen 0.29/turn    (no ring)
MPRegen 0.10/turn

%: no passive effects
@: lethally poisoned (0 -> -2), short of breath, very slow
A: AC +2, large, see invisible, deformed body, poison resistance, slowness 2,
spit poison 1, naga tail 1
a: Spit Poison


You were on level 3 of the Dungeon.
You visited 1 branch of the dungeon, and saw 4 of its levels.

You collected 268 gold pieces.
You spent 126 gold pieces at shops.


Innate Abilities, Weirdness & Mutations

Your serpentine skin is tough. (AC +2)
You have supernaturally acute eyesight. (SInv)
Armour fits poorly on your strangely shaped body.
Your system is resistant to poisons. (rPois)
You cover ground very slowly.
You can spit poison.
You have a snake-like lower body.


   Skills:
 + Level 3.7 Fighting
 - Level 6.4 Ranged Weapons
 - Level 1.5 Dodging
 - Level 1.5 Stealth


You had 5 spell levels left.
You didn't know any spells.
Your spell library was empty.

Inventory:

Hand Weapons
 Y - a +0 shortbow of draining (weapon)
Armour
 c - a +0 leather armour (worn)
 h - a +0 helmet (worn)
Scrolls
 j - 2 scrolls of identify
Potions
 a - a potion of might
 d - a potion of curing

Dungeon Overview and Level Annotations

Branches:
Dungeon (4/15)
 Temple: D:4-7

Altars:

Shops:
D:1 (!   D:3 !


Message History

The giant cockroach bites you. The scorpion closely misses you.
You shoot an arrow. The arrow hits the scorpion.
The scorpion is almost dead.
You feel very sick.
The giant cockroach bites you but does no damage.
The orc wizard hits you with a +0 dagger.
The scorpion stings you!
The giant cockroach bites you but does no damage.
You shoot an arrow.
The arrow hits the scorpion but does no damage.
The scorpion is almost dead.
You feel sick.
The scorpion stings you but does no damage.
The orc wizard hits you with a +0 dagger.
The giant cockroach bites you but does no damage.
The scorpion stings you but does no damage.
You shoot an arrow. The arrow barely misses the scorpion.
The arrow hits the orc.
You drain the orc.
You kill the orc!
You feel sick. The orc wizard barely misses you.
The giant cockroach bites you but does no damage.
The scorpion stings you but does no damage.
The orc wizard hits you but does no damage.
You shoot an arrow.
The arrow hits the scorpion but does no damage.
You drain the scorpion.
You kill the scorpion!
You feel sick.
The giant cockroach bites you but does no damage.
The orc wizard hits you with a +0 dagger.
You shoot an arrow. The arrow barely misses the orc wizard.
You have got your breath back.
You feel sick.
The orc wizard hits you but does no damage.
The orc completely misses you.
2393 ||| INVOKING Spit Poison.
Aiming: Spit Poison (1% risk of failure)
Press: ? - help, Shift-Dir - straight line, f/p - orc wizard The splash of poison misses the orc wizard.
You die...

##....####.#
##..##....#.#
#..######...##
#.## ##....#
#.# #..##.# #.#
#.###.. ###.#
#.# ###
####...# ##.#
#o@o)### ###..#
##
#O########...##
#. #B#
##.....#######.
###.#
#..#####.......
#...# #.##
#.....## ##.###
#.# #....##
#.!# #.#
#<....## ###.##
##.# #.......
#...# #..#
#....###


You could see an ogre, an orc wizard, an orc and a giant cockroach.

Vanquished Creatures
  Sigmund (D:3)
  A scorpion (D:3)
  Jessica (D:2)
  3 adders (D:3)
  2 dart slugs (D:1)
  9 orcs
  9 endoplasms
  A giant cockroach (D:1)
  8 goblins
  6 hobgoblins
  4 jackals (D:1)
  3 quokkas
  8 ball pythons
  3 bats
  7 frilled lizards
  8 kobolds
  4 rats
78 creatures vanquished.

Notes
Turn   | Place    | Note
-------+----------+-------------------------------------------
     0 | D:1      | qw the Naga Hunter began the quest for the Orb.
     0 | D:1      | Reached XP level 1. HP: 19/19 MP: 1/1
     0 | D:1      | 0 ||| qw: Version: 0.3-a-7-ge0c9b40
     0 | D:1      | 0 ||| qw: Game counter: 958
     0 | D:1      | 0 ||| qw: Always use a shield: true
     0 | D:1      | 0 ||| qw: God list: Okawaru
     0 | D:1      | 0 ||| qw: Allow faded altars: false
     0 | D:1      | 0 ||| qw: Do Orc after D:15 true
     0 | D:1      | 0 ||| qw: Do second Lair branch before Depths: true
     0 | D:1      | 0 ||| qw: Lair rune preference: random
     0 | D:1      | 0 ||| qw: Plans: Normal
     0 | D:1      | 0 ||| PLANNING D:1-11
    13 | D:1      | 13 ||| INVOKING Spit Poison.
    18 | D:1      | 18 ||| INVOKING Spit Poison.
    21 | D:1      | 21 ||| INVOKING Spit Poison.
    87 | D:1      | 87 ||| INVOKING Spit Poison.
    93 | D:1      | Reached skill level 4 in Ranged Weapons
    93 | D:1      | Reached XP level 2. HP: 26/26 MP: 2/2
   121 | D:1      | 121 ||| INVOKING Spit Poison.
   189 | D:1      | 189 ||| INVOKING Spit Poison.
   190 | D:1      | 190 ||| INVOKING Spit Poison.
   193 | D:1      | Found a faded altar of an unknown god.
   241 | D:1      | 241 ||| INVOKING Spit Poison.
   244 | D:1      | 244 ||| INVOKING Spit Poison.
   283 | D:1      | 283 ||| INVOKING Spit Poison.
   310 | D:1      | 310 ||| INVOKING Spit Poison.
   330 | D:1      | 330 ||| Stepping ~*~*~tactically~*~*~ (outnumbered).
   332 | D:1      | 332 ||| Stepping ~*~*~tactically~*~*~ (outnumbered).
   334 | D:1      | 334 ||| INVOKING Spit Poison.
   336 | D:1      | 336 ||| FLEEEEING.
   345 | D:1      | 345 ||| INVOKING Spit Poison.
   346 | D:1      | Reached XP level 3. HP: 31/32 MP: 3/3
   352 | D:1      | 352 ||| INVOKING Spit Poison.
   355 | D:1      | 355 ||| INVOKING Spit Poison.
   375 | D:1      | 375 ||| INVOKING Spit Poison.
   404 | D:1      | Found Xiogur's Antique Weapon Emporium.
   418 | D:1      | Found Hurorph's Distillery.
   426 | D:1      | 426 ||| SHOPLISTING potion of curing (42 gold, have 20).
   426 | D:1      | 426 ||| SHOPLISTING potion of haste (140 gold, have 20).
   426 | D:1      | 426 ||| SHOPLISTING potion of mutation (112 gold, have 20).
   537 | D:1      | 537 ||| INVOKING Spit Poison.
   625 | D:1      | 625 ||| INVOKING Spit Poison.
   649 | D:1      | 649 ||| INVOKING Spit Poison.
   665 | D:1      | 665 ||| INVOKING Spit Poison.
   669 | D:1      | 669 ||| INVOKING Spit Poison.
   689 | D:1      | 689 ||| INVOKING Spit Poison.
   695 | D:1      | 695 ||| INVOKING Spit Poison.
   708 | D:1      | 708 ||| INVOKING Spit Poison.
   722 | D:1      | 722 ||| INVOKING Spit Poison.
   773 | D:1      | 773 ||| INVOKING Spit Poison.
   975 | D:1      | 975 ||| READING scroll labelled XUUKHL EMMOSM.
   976 | D:1      | 976 ||| READING scroll labelled GIMMU ZIENK.
   977 | D:1      | 977 ||| DROPPING scroll of butterflies.
  1036 | D:2      | 1036 ||| INVOKING Spit Poison.
  1047 | D:2      | 1047 ||| INVOKING Spit Poison.
  1080 | D:2      | 1080 ||| INVOKING Spit Poison.
  1161 | D:2      | 1161 ||| INVOKING Spit Poison.
  1180 | D:2      | Noticed Jessica
  1181 | D:2      | 1181 ||| INVOKING Spit Poison.
  1186 | D:2      | 1186 ||| INVOKING Spit Poison.
  1186 | D:2      | Killed Jessica
  1187 | D:2      | Reached skill level 5 in Ranged Weapons
  1187 | D:2      | Reached XP level 4. HP: 32/39 MP: 4/4
  1231 | D:2      | 1231 ||| INVOKING Spit Poison.
  1621 | D:3      | 1621 ||| INVOKING Spit Poison.
  1626 | D:3      | 1626 ||| INVOKING Spit Poison.
  1633 | D:3      | Found Atyenwebb's Distillery.
  1636 | D:3      | 1636 ||| INVOKING Spit Poison.
  1643 | D:3      | 1643 ||| SHOPLISTING 2 potions of heal wounds (140 gold,
                  | have 128).
  1643 | D:3      | 1643 ||| BUYING potion of heal wounds (70 gold).
  1643 | D:3      | Bought a potion of heal wounds for 70 gold pieces
  1643 | D:3      | 1643 ||| BUYING potion of might (56 gold).
  1643 | D:3      | Bought a potion of might for 56 gold pieces
  1643 | D:3      | 1643 ||| SHOPLISTING potion of mutation (112 gold, have 2).
  1652 | D:3      | 1652 ||| INVOKING Spit Poison.
  1657 | D:3      | Found the +18 Lear's hauberk
  1660 | D:3      | 1660 ||| INVOKING Spit Poison.
  1692 | D:3      | 1692 ||| INVOKING Spit Poison.
  1695 | D:3      | 1695 ||| INVOKING Spit Poison.
  1729 | D:3      | 1729 ||| INVOKING Spit Poison.
  1765 | D:3      | 1765 ||| INVOKING Spit Poison.
  1768 | D:3      | Reached XP level 5. HP: 48/48 MP: 5/5
  1770 | D:3      | 1770 ||| INVOKING Spit Poison.
  1772 | D:3      | Reached skill level 3 in Fighting
  1774 | D:3      | 1774 ||| INVOKING Spit Poison.
  1829 | D:3      | 1829 ||| INVOKING Spit Poison.
  1841 | D:3      | 1841 ||| INVOKING Spit Poison.
  1842 | D:3      | 1842 ||| INVOKING Spit Poison.
  1895 | D:3      | Noticed Sigmund
  1896 | D:3      | 1896 ||| INVOKING Spit Poison.
  1900 | D:3      | 1900 ||| INVOKING Spit Poison.
  1903 | D:3      | 1903 ||| INVOKING Spit Poison.
  1904 | D:3      | Killed Sigmund
  1905 | D:3      | Reached skill level 6 in Ranged Weapons
  1905 | D:3      | Reached XP level 6. HP: 29/56 MP: 6/6
  2035 | D:3      | 2035 ||| INVOKING Spit Poison.
  2205 | D:3      | 2205 ||| INVOKING Spit Poison.
  2217 | D:3      | 2217 ||| INVOKING Spit Poison.
  2265 | D:3      | 2265 ||| UPGRADING to +0 helmet.
  2270 | D:3      | 2270 ||| READING scroll labelled REKETY EVOA.
  2274 | D:3      | 2274 ||| READING scroll labelled TECEMO MIASOUS.
  2275 | D:3      | 2275 ||| READING scroll labelled LIT OWNAAK.
  2367 | D:3      | 2367 ||| READING 4 scrolls of identify.
  2367 | D:3      | 2367 ||| IDENTIFYING fuming white potion
  2368 | D:3      | 2368 ||| READING 3 scrolls of identify.
  2368 | D:3      | 2368 ||| IDENTIFYING coppery potion
  2369 | D:3      | 2369 ||| DROPPING potion of ambrosia.
  2378 | D:4      | 2378 ||| INVOKING Spit Poison.
  2383 | D:4      | 2383 ||| STAIRDANCE
  2383 | D:4      | HP: 8/56 [ogre/+0 giant spiked club (35)]
  2385 | D:3      | 2385 ||| DRINKING 2 potions of heal wounds.
  2386 | D:3      | 2386 ||| DRINKING potion of heal wounds.
  2387 | D:3      | 2387 ||| INVOKING Spit Poison.
  2388 | D:3      | HP: 9/56 [scorpion (7)]
  2391 | D:3      | HP: 2/56 [orc wizard/+0 dagger (3)]
  2393 | D:3      | 2393 ||| INVOKING Spit Poison.
  2393 | D:3      | Succumbed to a scorpion's poison

Levels and vault maps discovered:
D:1:      minmay_arrival_statue_studded, layout_basic,
          shapermc_ecumenical_altar_pompeii, serial_shops,
          nicolae_shop_real_fake_doors, shop, minmay_close_crescents
D:2:      layout_basic, uniq_jessica
D:3:      layout_rooms, serial_shops, shop, grunt_ministairs_10,
          minmay_misc_feat_columns, minmay_gold_behind_fungi, uniq_sigmund
D:4:      layout_basic, uniq_grinder

Skill      XL: |  1  2  3  4  5 |
---------------+----------------+-----
Ranged Weapons | 4 5 6 |  6.4
Fighting       | 3 |  3.7
Dodging        | |  1.5
Stealth        | |  1.5

Action                     |  1- 3 |  4- 6 || total
---------------------------+-------+-------++-------
   Fire: Shortbow          |    61 |    53 ||   114
Ability: Spit Poison       |    31 |    23 ||    54
    Use: Scroll            |     2 |     5 ||     7
         Potion            |       |     2 ||     2
 Armour: Leather armour    |     1 |    19 ||    20
  Dodge: Dodged            |     7 |    13 ||    20

Table legend:
 A = Non-vault XP
 B = Vault XP
 C = Vault XP percentage of total XP
 D = Non-vault monster count
 E = Vault monster count
 F = Vault count percentage of total count
                 A         B        C        D         E       F
            +---------+---------+-------+---------+---------+-------
      Total |     230 |     307 |  57.2 |      64 |      14 |  17.9
            +---------+---------+-------+---------+---------+-------
        D:1 |      55 |      10 |  15.4 |      32 |       6 |  15.8
        D:2 |      13 |      37 |  74.0 |       8 |       1 |  11.1
        D:3 |     156 |     260 |  62.5 |      22 |       7 |  24.1
        D:4 |       6 |       0 |   0.0 |       2 |       0 |   0.0
            +---------+---------+-------+---------+---------+-------
